Map: Frozen Temple

Players

blackxored

  • Race: Zerg Zerg
  • League: Diamond

Miracle - Winner!

  • Race: Zerg Zerg
  • League: Diamond

VOD

Have the link to the VOD?

Description

Time

  • Played on: July 1, 2016, 9:33 p.m.
  • Length: 9:03
Show
View Real Time Build Order
Export as new Build Order

blackxored Zerg 

Build Orders: Hatch First, Zergling Baneling 

Get SALT Encoding   

  12  0:01  Drone  
  13  0:08  Drone  
  14  0:18  Overlord  
  14  0:22  Extractor  
  14  0:24  Drone  
  15  0:37  Drone x2  
  17  0:53  Hatchery  
  17  0:56  Drone  
  17  0:59  Drone  
  18  1:14  Extractor  
  18  1:15  Spawning Pool  
  18  1:17  Drone  
  17  1:21  Drone  
  18  1:28  Drone  
  19  1:39  Overlord  
  19  1:58  Drone  
  20  2:04  Spine Crawler  
  20  2:07  Zergling x4  
  20  2:08  Baneling Nest, Queen  
  24  2:28  Zergling x2  
  24  2:33  Zergling x2  
  25  2:40  Zergling x4  
  25  2:41  Zergling x2  
  25  2:53  Baneling  
  25  2:56  Baneling  
  25  3:05  Baneling  
  23  3:09  Zergling x6  
  25  3:22  Zergling x6  
  26  3:30  Drone  
  27  3:38  Queen  
  29  3:46  Baneling  
  28  3:59  Baneling x2, Hatchery  
  28  4:02  Drone x2  
  29  4:14  Overlord  
  29  4:32  Hatchery  
  29  4:36  Baneling x2  
  28  4:41  Drone x2  
  28  4:44  Drone  
  31  4:50  Drone  
  32  4:58  Drone x2  
  34  5:13  Roach Warren  
  33  5:22  Lair  
  33  5:35  Extractor, Drone  
  33  5:36  Drone x2  
  33  5:41  Overlord  
  35  5:44  Metabolic Boost  
  35  5:53  Queen  
  37  6:08  Overlord  
  37  6:14  Drone x5  
  42  6:18  Drone  
  42  6:23  Roach  
  45  6:31  Spine Crawler  
  45  6:32  Roach  
  46  6:37  Roach  
  48  6:41  Roach  
  50  6:47  Roach  
  50  6:51  Roach x2  
  56  6:55  Roach  
  48  7:16  Roach x4  
  48  7:22  Roach x3  
  54  7:29  Roach x2  
  54  7:35  Roach  
  56  7:39  Overlord  
  54  7:59  Roach x2  
  58  8:07  Overlord  
  48  8:27  Roach x6  
  48  8:28  Roach x4  
  48  8:34  Roach  
  58  8:40  Roach x2  
Show
View Real Time Build Order
Export as new Build Order

Miracle Zerg - Winner!

Build Orders: Pool First 

Get SALT Encoding   

  12  0:01  Drone  
  13  0:10  Extractor  
  12  0:26  Spawning Pool  
  11  0:29  Drone  
  12  0:44  Drone  
  12  0:47  Overlord  
  13  0:52  Drone  
  14  1:13  Metabolic Boost  
  14  1:17  Zergling x2  
  14  1:18  Zergling x4  
  17  1:29  Zergling x2  
  18  1:42  Zergling x2  
  19  1:52  Queen  
  19  1:53  Overlord  
  21  2:03  Zergling x2  
  22  2:18  Zergling x2  
  23  2:42  Hatchery  
  21  2:52  Drone  
  21  2:53  Drone x2  
  24  3:04  Drone x2  
  21  3:28  Roach Warren, Drone  
  21  3:29  Drone x2  
  21  3:30  Extractor  
  22  3:41  Drone x3  
  24  3:57  Queen  
  24  4:02  Overlord  
  26  4:03  Overlord  
  26  4:05  Drone x2  
  28  4:13  Drone x4  
  32  4:22  Roach  
  34  4:26  Queen  
  34  4:28  Drone  
  37  4:36  Roach  
  39  4:44  Evolution Chamber  
  39  4:45  Roach  
  40  4:46  Evolution Chamber  
  40  4:50  Roach x2  
  43  4:58  Roach x2  
  47  5:07  Roach  
  47  5:11  Lair  
  49  5:25  Roach  
  51  5:38  Overlord x3  
  51  5:40  Zerg Missile Weapons Level 1, Zerg Ground Armor Level 1  
  51  5:54  Drone  
  52  6:02  Roach  
  52  6:03  Roach x5  
  64  6:12  Glial Reconstitution  
  64  6:22  Roach x2  
  64  6:23  Roach x2  
  72  6:26  Roach  
  74  6:36  Overlord  
  74  6:55  Overlord x2, Roach  
  76  7:15  Overlord x2  
  72  7:17  Ravager  
  67  7:26  Ravager  
  67  7:30  Ravager  
  67  7:32  Roach  
  67  7:33  Roach x7  
  84  7:44  Ravager  
  84  7:58  Roach  
  84  7:59  Roach x2  
  84  8:04  Extractor  
  89  8:14  Ravager  
  84  8:30  Roach x4  
Tags
 
Add a new tag
Caveats
  • Supply blocks, unpowered buildings, or Contaminate may cause inaccurate times.
  • Supply counts are checked every 10 seconds.